TOP OF THE 1ST |
Mahoning Valley Scrappers batting - Pitching for Vermont Lake Monsters : LHP Jimmy Ford
|
Pitching: LHP Jimmy Ford
|
|
Batting: RHB Kaoru Toda
|
0-0: Swinging Strike 0-1: Foul Ball, location: 2F 0-2: Fly out, F9 (Flyball, 9LS, EV 82.5 MPH)
|
Batting: RHB Carlos Lopez
|
0-0: Called Strike 0-1: Ball 1-1: Foul Ball, location: 2F 1-2: Ball 2-2: Ground out 6-3 (Groundball, 6, EV 91.3 MPH)
|
Batting: RHB Diwan Abdul-Salam
|
0-0: Ball 1-0: SINGLE (Groundball, 13, EV 67.5 MPH) (infield hit)
|
Batting: LHB Norihide Takata
|
0-0: Called Strike 0-1: Ball 1-1: Ball 2-1: Foul Ball, location: 2F 2-2: Foul Ball, location: 2F 2-2: Foul Ball, location: 2F 2-2: Ball 3-2: Foul Ball, location: 2F 3-2: Fly out, F9 (Flyball, 89D, EV 96.9 MPH)
|
Top of the 1st over - 0 runs, 1 hit, 0 errors, 1 left on base; Mahoning Valley 0 - Vermont 0 |
BOTTOM OF THE 1ST |
Vermont Lake Monsters batting - Pitching for Mahoning Valley Scrappers : RHP Joe Zeiset
|
Pitching: RHP Joe Zeiset
|
|
Batting: RHB Armando Estrada
|
0-0: Called Strike 0-1: Ball 1-1: Ball 2-1: Ball 3-1: Ground out 4-3 (Groundball, 4, EV 81.3 MPH)
|
Batting: RHB Eduardo Chavez
|
0-0: Ball 1-0: Ball 2-0: Foul Ball, location: 2F 2-1: Foul Ball, location: 2F 2-2: Ball 3-2: Strikes out swinging
|
Batting: LHB Chance Stever
|
0-0: Called Strike 0-1: Foul Ball, location: 2F 0-2: Ground out 5-3 (Groundball, 56, EV 81.9 MPH)
|
Bottom of the 1st over - 0 runs, 0 hits, 0 errors, 0 left on base; Mahoning Valley 0 - Vermont 0 |
TOP OF THE 2ND |
Mahoning Valley Scrappers batting - Pitching for Vermont Lake Monsters : LHP Jimmy Ford
|
Batting: RHB Chris Diaz
|
0-0: Ground out 6-3 (Groundball, 6, EV 81.3 MPH)
|
Batting: RHB Jonathan Underhill
|
0-0: Called Strike 0-1: Ball 1-1: Called Strike 1-2: Ball 2-2: Foul Ball, location: 2F 2-2: Ball 3-2: TRIPLE (Line Drive, 89XD, EV 106.3 MPH)
|
Batting: RHB Zachary Sidney
|
0-0: Ball 1-0: Swinging Strike 1-1: DOUBLE (Line Drive, 7LM, EV 105.0 MPH) Jonathan Underhill scores
|
Batting: RHB Edolf Vlemmings
|
0-0: Called Strike 0-1: Called Strike 0-2: Strikes out swinging
|
Batting: RHB Nelson Trujillo
|
0-0: Ground out 5-3 (Groundball, 5, EV 99.4 MPH)
|
Top of the 2nd over - 1 run, 2 hits, 0 errors, 1 left on base; Mahoning Valley 1 - Vermont 0 |
BOTTOM OF THE 2ND |
Vermont Lake Monsters batting - Pitching for Mahoning Valley Scrappers : RHP Joe Zeiset
|
Batting: RHB Jonathan Gallup
|
0-0: Called Strike 0-1: Ball 1-1: Foul Ball, location: 2F 1-2: Strikes out swinging
|
Batting: LHB Lee Gerken
|
0-0: Ball 1-0: Ball 2-0: Ball 3-0: SOLO HOME RUN (Flyball, 78XD, EV 105.6 MPH), Distance : 422 ft
|
Batting: RHB Colin Boddy
|
0-0: Ball 1-0: Called Strike 1-1: Ball 2-1: Ground out 6-3 (Groundball, 6, EV 86.9 MPH)
|
Batting: LHB Jonathan McDaniel
|
0-0: Swinging Strike 0-1: Called Strike 0-2: Foul Ball, location: 2F 0-2: Ball 1-2: Ground out 4-3 (Groundball, 4, EV 90.0 MPH)
|
Bottom of the 2nd over - 1 run, 1 hit, 0 errors, 0 left on base; Mahoning Valley 1 - Vermont 1 |
TOP OF THE 3RD |
Mahoning Valley Scrappers batting - Pitching for Vermont Lake Monsters : LHP Jimmy Ford
|
Batting: RHB Kaoru Toda
|
0-0: Swinging Strike 0-1: Foul Ball, location: 2F 0-2: Strikes out swinging
|
Batting: RHB Carlos Lopez
|
0-0: Called Strike 0-1: Ball 1-1: Foul Ball, location: 2F 1-2: Foul Ball, location: 2F 1-2: Ball 2-2: Ball 3-2: SINGLE (Groundball, 6MD, EV 101.9 MPH)
|
Batting: RHB Diwan Abdul-Salam
|
0-0: Fielders Choice at 2nd, 4-6 (Groundball, 4MD, EV 89.4 MPH)
|
Batting: LHB Norihide Takata
|
0-0: Ball 1-0: Fielders Choice at 2nd, 5-4 (Groundball, 5, EV 91.3 MPH)
|
Top of the 3rd over - 0 runs, 1 hit, 0 errors, 1 left on base; Mahoning Valley 1 - Vermont 1 |
BOTTOM OF THE 3RD |
Vermont Lake Monsters batting - Pitching for Mahoning Valley Scrappers : RHP Joe Zeiset
|
Batting: RHB Hidetada Iba
|
0-0: Called Strike 0-1: Ground out U3 (Groundball, 3, EV 101.3 MPH)
|
Batting: LHB Raita Inouye
|
0-0: Swinging Strike 0-1: Called Strike 0-2: Strikes out swinging
|
Batting: RHB Armando Estrada
|
0-0: Called Strike 0-1: Foul Ball, location: 2F 0-2: Ball 1-2: Ground out 6-3 (Groundball, 6, EV 90.6 MPH)
|
Bottom of the 3rd over - 0 runs, 0 hits, 0 errors, 0 left on base; Mahoning Valley 1 - Vermont 1 |
TOP OF THE 4TH |
Mahoning Valley Scrappers batting - Pitching for Vermont Lake Monsters : LHP Jimmy Ford
|
Batting: RHB Chris Diaz
|
0-0: Fly out, F6 (Flyball, 56D, EV 94.4 MPH)
|
Batting: RHB Jonathan Underhill
|
0-0: Reached on error, E5 (Groundball, 56, EV 100.6 MPH)
|
Batting: RHB Zachary Sidney
|
0-0: Swinging Strike 0-1: Foul Ball, location: 2F 0-2: Ball 1-2: Fly out, F9 (Line Drive, 9, EV 85.6 MPH)
|
Batting: RHB Edolf Vlemmings
|
0-0: Called Strike 0-1: Called Strike 0-2: Ball 1-2: Ground out 6-3 (Groundball, 6, EV 81.9 MPH)
|
Top of the 4th over - 0 runs, 0 hits, 1 error, 1 left on base; Mahoning Valley 1 - Vermont 1 |
BOTTOM OF THE 4TH |
Vermont Lake Monsters batting - Pitching for Mahoning Valley Scrappers : RHP Joe Zeiset
|
Batting: RHB Eduardo Chavez
|
0-0: Called Strike 0-1: SINGLE (Groundball, 56D, EV 97.5 MPH)
|
Batting: LHB Chance Stever
|
0-0: Ball 1-0: Ball 2-0: Foul Ball, location: 2F 2-1: Foul Ball, location: 2F 2-2: SINGLE (Groundball, 6M, EV 79.4 MPH) (infield hit) Eduardo Chavez to second
|
Batting: RHB Jonathan Gallup
|
0-0: Ball 1-0: Called Strike 1-1: Ball 2-1: Foul Ball, location: 2F 2-2: Grounds into double play, 5-4-3 (Groundball, 56S, EV 90.0 MPH) Eduardo Chavez to third
|
Batting: LHB Lee Gerken
|
0-0: Ball 1-0: Fly out, F8 (Flyball, 8RM, EV 98.8 MPH)
|
Bottom of the 4th over - 0 runs, 2 hits, 0 errors, 1 left on base; Mahoning Valley 1 - Vermont 1 |
TOP OF THE 5TH |
Mahoning Valley Scrappers batting - Pitching for Vermont Lake Monsters : LHP Jimmy Ford
|
Batting: RHB Nelson Trujillo
|
0-0: Foul Ball, location: 2F 0-1: Ball 1-1: Swinging Strike 1-2: Strikes out swinging
|
Batting: RHB Kaoru Toda
|
0-0: Ground out 5-3 (Groundball, 5, EV 105.6 MPH)
|
Batting: RHB Carlos Lopez
|
0-0: Ground out 6-3 (Groundball, 6, EV 100.6 MPH)
|
Top of the 5th over - 0 runs, 0 hits, 0 errors, 0 left on base; Mahoning Valley 1 - Vermont 1 |
BOTTOM OF THE 5TH |
Vermont Lake Monsters batting - Pitching for Mahoning Valley Scrappers : RHP Joe Zeiset
|
Batting: RHB Colin Boddy
|
0-0: Called Strike 0-1: Ball 1-1: Swinging Strike 1-2: Strikes out swinging
|
Batting: LHB Jonathan McDaniel
|
0-0: Called Strike 0-1: Swinging Strike 0-2: Ball 1-2: Ground out 5-3 (Groundball, 56S, EV 82.5 MPH)
|
Batting: RHB Hidetada Iba
|
0-0: Swinging Strike 0-1: SINGLE (Groundball, 56D, EV 105.6 MPH)
|
Batting: LHB Raita Inouye
|
0-0: Called Strike 0-1: Ball 1-1: Fielders Choice at 2nd, 6-4 (Groundball, 6, EV 86.9 MPH)
|
Bottom of the 5th over - 0 runs, 1 hit, 0 errors, 1 left on base; Mahoning Valley 1 - Vermont 1 |
TOP OF THE 6TH |
Mahoning Valley Scrappers batting - Pitching for Vermont Lake Monsters : LHP Jimmy Ford
|
Batting: RHB Diwan Abdul-Salam
|
0-0: SINGLE (Groundball, 6MD, EV 100.0 MPH)
|
Batting: LHB Norihide Takata
|
0-0: Called Strike 0-1: Ball 1-1: SINGLE (Line Drive, 89M, EV 91.9 MPH) Diwan Abdul-Salam to second Runner from 2nd tries for 3rd, SAFE, throw by RF made to third
|
Batting: RHB Chris Diaz
|
0-0: Called Strike 0-1: Ball 1-1: Foul Ball, location: 2F 1-2: Grounds into double play, 6-4-3 (Groundball, 6, EV 102.5 MPH) Diwan Abdul-Salam scores
|
Batting: RHB Jonathan Underhill
|
0-0: Ball 1-0: Ball 2-0: Ball 3-0: Ground out 5-3 (Groundball, 5S, EV 90.6 MPH)
|
Top of the 6th over - 1 run, 2 hits, 0 errors, 0 left on base; Mahoning Valley 2 - Vermont 1 |
BOTTOM OF THE 6TH |
Vermont Lake Monsters batting - Pitching for Mahoning Valley Scrappers : RHP Joe Zeiset
|
Batting: RHB Armando Estrada
|
0-0: Swinging Strike 0-1: Foul Ball, location: 2F 0-2: TRIPLE (Flyball, 89XD, EV 106.9 MPH)
|
Batting: RHB Eduardo Chavez
|
0-0: Ball 1-0: Foul Ball, location: 2F 1-1: Ball 2-1: Foul Ball, location: 2F 2-2: Foul Ball, location: 2F 2-2: Ball 3-2: Strikes out swinging
|
Pitching: RHP Terry Sterling
|
|
Batting: LHB Chance Stever
|
0-0: DOUBLE (Line Drive, 9LS, EV 91.3 MPH) Armando Estrada scores
|
Batting: RHB Jonathan Gallup
|
0-0: Ball 1-0: Foul Ball, location: 2F 1-1: Called Strike 1-2: Ball 2-2: Foul Ball, location: 2F 2-2: Foul Ball, location: 2F 2-2: Ball 3-2: Base on Balls
|
Batting: LHB Lee Gerken
|
0-0: Called Strike 0-1: Foul Ball, location: 2F 0-2: Foul Ball, location: 2F 0-2: Ball 1-2: Foul Ball, location: 2F 1-2: Fly out, F5 (Popup, 5SF, EV 83.8 MPH)
|
Batting: RHB Colin Boddy
|
0-0: Ball 1-0: Ball 2-0: DOUBLE (Line Drive, 8RXD, EV 98.8 MPH) Chance Stever scores Jonathan Gallup to third Runner from 3rd tries for Home, SAFE, throw by CF to home
|
Batting: LHB Jonathan McDaniel
|
0-0: Swinging Strike 0-1: Ball 1-1: Foul Ball, location: 2F 1-2: Ball 2-2: Ground out 4-3 (Groundball, 4, EV 87.5 MPH)
|
Bottom of the 6th over - 3 runs, 3 hits, 0 errors, 1 left on base; Mahoning Valley 2 - Vermont 4 |
TOP OF THE 7TH |
Mahoning Valley Scrappers batting - Pitching for Vermont Lake Monsters : LHP Jimmy Ford
|
Batting: RHB Zachary Sidney
|
0-0: Ball 1-0: Ground out 1-3 (Groundball, 13S, EV 60.0 MPH)
|
Batting: RHB Edolf Vlemmings
|
0-0: Swinging Strike 0-1: Ball 1-1: Ground out 5-3 (Groundball, 56, EV 84.4 MPH)
|
Batting: RHB Nelson Trujillo
|
0-0: SINGLE (Groundball, 56D, EV 97.5 MPH)
|
Batting: RHB Kaoru Toda
|
0-0: Ball 1-0: SINGLE (Line Drive, 4MD, EV 95.6 MPH) Nelson Trujillo to second Runner from 2nd tries for 3rd, SAFE, throw by CF made to third
|
Batting: RHB Carlos Lopez
|
0-0: Ball 1-0: Ball 2-0: Ball 3-0: Called Strike 3-1: Foul Ball, location: 2F 3-2: Foul Ball, location: 2F 3-2: Ground out 5-3 (Groundball, 5, EV 86.9 MPH)
|
Top of the 7th over - 0 runs, 2 hits, 0 errors, 2 left on base; Mahoning Valley 2 - Vermont 4 |
BOTTOM OF THE 7TH |
Vermont Lake Monsters batting - Pitching for Mahoning Valley Scrappers : RHP Terry Sterling
|
Pitching: RHP Gilbert Paparelli
|
|
Batting: RHB Hidetada Iba
|
0-0: Swinging Strike 0-1: Ball 1-1: Foul Ball, location: 2F 1-2: Foul Ball, location: 2F 1-2: Ball 2-2: Foul Ball, location: 2F 2-2: Ball 3-2: Foul Ball, location: 2F 3-2: Base on Balls
|
Batting: LHB Raita Inouye
|
0-0: Called Strike 0-1: Ball Passed Ball! Hidetada Iba to second 1-1: Foul Ball, location: 2F 1-2: SINGLE (Line Drive, 34, EV 94.4 MPH) Hidetada Iba to third
|
Batting: RHB Armando Estrada
|
0-0: Ball Raita Inouye steals 2nd base 1-0: Foul Ball, location: 2F 1-1: Foul Ball, location: 2F 1-2: Hit by Pitch
|
Batting: RHB Eduardo Chavez
|
0-0: Foul Ball, location: 2F 0-1: Ball 1-1: Ball 2-1: Foul Ball, location: 2F 2-2: Strikes out swinging
|
Batting: LHB Chance Stever
|
0-0: Swinging Strike 0-1: SINGLE (Flyball, 7LS, EV 86.3 MPH) Hidetada Iba scores Raita Inouye to third Armando Estrada to second
|
Batting: RHB Jonathan Gallup
|
0-0: Called Strike 0-1: Foul Ball, location: 2F 0-2: Foul Ball, location: 2F 0-2: Ball 1-2: Foul Ball, location: 2F 1-2: SINGLE (Groundball, 56D, EV 103.8 MPH) Raita Inouye scores Armando Estrada to third Chance Stever to second Runner from 3rd tries for Home, SAFE, throw by LF to home
|
Pitching: LHP Alec Valencia
|
|
Batting: LHB Lee Gerken
|
0-0: Called Strike 0-1: Ball 1-1: DOUBLE (Groundball, 5L, EV 106.9 MPH) Chance Stever scores Jonathan Gallup to third
|
Batting: RHB Colin Boddy
|
0-0: Swinging Strike 0-1: Ball 1-1: Ball 2-1: Swinging Strike 2-2: Ball 3-2: Ground out 1-3 (Groundball, P, EV 66.9 MPH)
|
Batting: LHB Jonathan McDaniel
|
0-0: Ball 1-0: Foul Ball, location: 2F 1-1: Foul Ball, location: 2F 1-2: Ball 2-2: SINGLE (Groundball, 34D, EV 99.4 MPH) Jonathan Gallup scores Lee Gerken to third Runner from 3rd tries for Home, SAFE, throw by RF to home
|
Batting: RHB Hidetada Iba
|
0-0: Swinging Strike 0-1: Ball 1-1: Ball 2-1: DOUBLE (Line Drive, 89M, EV 96.3 MPH) Jonathan McDaniel to third Runner from 3rd tries for Home, throw by RF and OUT! 9-4-2
|
Bottom of the 7th over - 6 runs, 6 hits, 0 errors, 1 left on base; Mahoning Valley 2 - Vermont 10 |
TOP OF THE 8TH |
Mahoning Valley Scrappers batting - Pitching for Vermont Lake Monsters : LHP Jimmy Ford
|
Batting: RHB Diwan Abdul-Salam
|
0-0: SINGLE (Groundball, 4D, EV 98.1 MPH)
|
Pinch Hitting: RHB David Young
|
0-0: Ball 1-0: Foul Ball, location: 2F 1-1: Foul Ball, location: 2F 1-2: Strikes out looking
|
Batting: RHB Chris Diaz
|
0-0: Hit by Pitch Diwan Abdul-Salam to second
|
Batting: RHB Jonathan Underhill
|
0-0: Ball 1-0: Called Strike 1-1: Ball 2-1: Ball 3-1: Fielders Choice at 2nd, 6-4 (Groundball, 56, EV 81.3 MPH) Diwan Abdul-Salam to third
|
Pitching: RHP Harry Maurer
|
|
Batting: RHB Zachary Sidney
|
0-0: Called Strike 0-1: Called Strike 0-2: Fly out, F6 (Line Drive, 6, EV 61.3 MPH)
|
Top of the 8th over - 0 runs, 1 hit, 0 errors, 2 left on base; Mahoning Valley 2 - Vermont 10 |
BOTTOM OF THE 8TH |
Vermont Lake Monsters batting - Pitching for Mahoning Valley Scrappers : LHP Alec Valencia
|
Now at 2B: Carlos Lopez
|
|
Now at SS: David Young
|
|
Pinch Hitting: RHB Tony Moran
|
0-0: Ball 1-0: Ball 2-0: Swinging Strike 2-1: Ball 3-1: Swinging Strike 3-2: Foul Ball, location: 2F 3-2: Foul Ball, location: 2F 3-2: Base on Balls
|
Pinch Hitting: LHB Mario Cardona
|
0-0: Called Strike 0-1: Foul Ball, location: 2F 0-2: Ball 1-2: Ball 2-2: Ball 3-2: SINGLE (Groundball, 6MS, EV 63.1 MPH) (infield hit) Tony Moran to second
|
Pinch Hitting: RHB Travis Lanctot
|
0-0: Ball 1-0: Foul Ball, location: 2F 1-1: SINGLE (Groundball, 4MD, EV 108.8 MPH) Tony Moran to third Mario Cardona to second
|
Pinch Hitting: RHB Rick Linders
|
0-0: Called Strike 0-1: Fly out, F9 (Flyball, 9LS, EV 79.4 MPH)
|
Batting: RHB Jonathan Gallup
|
0-0: Swinging Strike 0-1: Foul Ball, location: 2F 0-2: Ball 1-2: GRAND SLAM HOME RUN (Flyball, 7D, EV 115.0 MPH), Distance : 416 ft
|
Pitching: RHP Ken Shear
|
|
Pinch Hitting: RHB Mario Ramos
|
0-0: Foul Ball, location: 2F 0-1: Ground out 1-3 (Groundball, P, EV 73.8 MPH)
|
Batting: RHB Colin Boddy
|
0-0: Ball 1-0: Ball 2-0: Foul Ball, location: 2F 2-1: Fly out, F4 (Line Drive, 4, EV 71.3 MPH)
|
Bottom of the 8th over - 4 runs, 3 hits, 0 errors, 0 left on base; Mahoning Valley 2 - Vermont 14 |
TOP OF THE 9TH |
Mahoning Valley Scrappers batting - Pitching for Vermont Lake Monsters : RHP Harry Maurer
|
Now at 1B: Tony Moran
|
|
Now at 3B: Travis Lanctot
|
|
Now at SS: Mario Cardona
|
|
Now in LF: Mario Ramos
|
|
Now in CF: Rick Linders
|
|
Batting: RHB Edolf Vlemmings
|
0-0: Swinging Strike 0-1: Swinging Strike 0-2: Ball 1-2: Ball 2-2: Strikes out swinging
|
Pinch Hitting: LHB Bobby Upton
|
0-0: Called Strike 0-1: Swinging Strike 0-2: Ball 1-2: Foul Ball, location: 2F 1-2: Fly out, F6 (Line Drive, 6, EV 67.5 MPH)
|
Pinch Hitting: SHB Charlie Diesel
|
0-0: Called Strike 0-1: Ground out 4-3 (Groundball, 4, EV 89.4 MPH)
|
Top of the 9th over - 0 runs, 0 hits, 0 errors, 0 left on base; Mahoning Valley 2 - Vermont 14 |
|